 Dungeon Crawl Stone Soup version 0.30.0-15-g856e2d3f33 (webtiles) character file.

Game seed: 1497667087196108464

108 qw the Chopper (level 4, -9/28 HPs)
             Began as a Gargoyle Fighter on May 20, 2023.
             Mangled by Sigmund
             ... wielding a +0 scythe
              (13 damage)
             ... on level 3 of the Dungeon.
             The game lasted 00:00:59 (2172 turns).

qw the Chopper (Gargoyle Fighter)                   Turns: 2172, Time: 00:00:59

Health: -9/28      AC:  0    Str: 22    XL:     4   Next: 87%
Magic:  4/4        EV: 17    Int:  8    God:
Gold:   139        SH:  0    Dex: 14    Spells: 3/3 levels left

rFire   . . .        Y - melded +0 war axe
rCold   . . .        c - melded +0 buckler
rNeg    + . .        g - melded +0 ring mail of Instinct {rN+ Regen+}
rPois   inf          (helmet currently unavailable)
rElec   .            (cloak currently unavailable)
rCorr   .            a - melded +1 pair of gloves
SInv    .            (boots currently unavailable)
Will    .....        (no amulet)
Stlth   +            (ring currently unavailable)
HPRegen 0.24/turn    (ring currently unavailable)
MPRegen 0.09/turn

%: no passive effects
@: bat-form, flying, very quick
A: fast, flying, no casting, sickness immunity, AC +3, tiny, negative energy
resistance 1, (electricity resistance), torment resistance 1, petrification
resistance
a: no special abilities


You were on level 3 of the Dungeon.
You were a bat.
You visited 1 branch of the dungeon, and saw 3 of its levels.

You collected 139 gold pieces.


Innate Abilities, Weirdness & Mutations

You are a bat.
You are tiny and dextrous.
You move quickly.
You are flying.
Your equipment is almost entirely melded.
You are incapable of wielding weapons or throwing items.
You cannot cast spells.
You are immune to sickness and miasma.
((Your stone body is resilient. (AC +3)))
You are immune to poison.
You resist negative energy. (rN+)
((You are resistant to electric shocks. (rElec)))
You are resistant to unholy torment.
You are immune to petrification.


   Skills:
 - Level 3.2 Fighting
 - Level 4.4 Axes
 - Level 3.2 Armour
 + Level 0.0 Dodging
 - Level 3.2 Shields


You had 3 spell levels left.
You didn't know any spells.
Your spell library was empty.

Inventory:

Hand Weapons
 e - a +0 flail
 Y - a +0 war axe (melded)
Armour
 a - a +1 pair of gloves (melded)
 c - a +0 buckler (melded)
 g - the +0 ring mail of Instinct (melded) {rN+ Regen+}
   (You found it on level 2 of the Dungeon)

   rN:        It protects you from negative energy.
   Regen:     It increases your rate of health regeneration.
Scrolls
 h - 4 scrolls of identify
 i - a scroll of teleportation
Potions
 b - a potion of berserk rage {unknown}
 d - a potion of might
 f - a potion of lignification {unknown}

Dungeon Overview and Level Annotations

Branches:
Dungeon (3/15)

Altars:
Dithmenos

Annotations:
D:3 Sigmund, Terence


Message History

You swing at nothing.
Something hits you.
You swing at nothing.
Your transformation is almost over.
You swing at nothing.
Something hits you.
You swing at nothing.
You swing at nothing.
Something barely misses you.
You swing at nothing.
You hear some strange, mumbled words.
Something tries to affect you, but you resist.
You swing at nothing.
Something hits you.
You swing at nothing.
You swing at nothing.
Something hits you but does no damage.
You swing at nothing.
You swing at nothing.
You stop sporulating.
Your +0 war axe unmelds from your body.
Your +1 pair of gloves unmelds from your body.
Your +0 buckler unmelds from your body.
The +0 ring mail of Instinct {rN+ Regen+} unmelds from your body.
You hear a zap.
You turn into a bat.
Your +0 war axe melds into your body.
Your +1 pair of gloves melds into your body.
Your +0 buckler melds into your body.
The +0 ring mail of Instinct {rN+ Regen+} melds into your body.
You swing at nothing.
Something hits you.
You swing at nothing.
You swing at nothing.
Something hits you.
You swing at nothing.
Something hits you.
You swing at nothing.
You swing at nothing.
Something hits you!
You die...

#.# #.#
##########
#####..
.....{.b.#
########
...##.#
########.#
#.....<#
...##.# #.#
#.######
...##.# #.# #.#
...##.# #.# #.#
...##.#######
#.# #.#
...(...#....#
#.# #.#
...##....##.##
#.# #.#
...##..###.¤¤##
#.# #.#


There were no monsters in sight!

Vanquished Creatures
  An orc priest (D:3)
  An orc wizard (D:3)
  2 worms (D:2)
  A dart slug (D:1)
  2 orcs
  4 ball pythons
  2 bats
  5 endoplasms
  3 giant cockroaches
  2 goblins
  3 hobgoblins
  4 jackals
  2 kobolds
  2 quokkas (D:1)
  4 frilled lizards (D:2)
  4 rats
42 creatures vanquished.

Notes
Turn   | Place    | Note
-------+----------+-------------------------------------------
     0 | D:1      | qw the Gargoyle Fighter began the quest for the Orb.
     0 | D:1      | Reached XP level 1. HP: 14/14 MP: 1/1
     0 | D:1      | 0 ||| qw: Version: 0.2-a-97-g499787f
     0 | D:1      | 0 ||| qw: Game counter: 66
     0 | D:1      | 0 ||| qw: Always use a shield: true
     0 | D:1      | 0 ||| qw: God list: Okawaru
     0 | D:1      | 0 ||| qw: Allow faded altars: false
     0 | D:1      | 0 ||| qw: Do Orc after D:15 true
     0 | D:1      | 0 ||| qw: Do second Lair branch before Depths: true
     0 | D:1      | 0 ||| qw: Lair rune preference: random
     0 | D:1      | 0 ||| qw: Plans: Normal, Zot:1-4, God:TSO, Crypt, Tomb,
                  | Pan, Slime:5, Hells, Abyss, Win
     0 | D:1      | 0 ||| PLANNING D:1-11
   100 | D:1      | Found a faded altar of an unknown god.
   152 | D:1      | Reached skill level 2 in Axes
   199 | D:1      | Reached XP level 2. HP: 15/19 MP: 2/2
   285 | D:1      | 285 ||| Stepping ~*~*~tactically~*~*~ (stealth).
   299 | D:1      | 299 ||| Stepping ~*~*~tactically~*~*~ (stealth).
   507 | D:1      | 507 ||| Stepping ~*~*~tactically~*~*~ (hiding).
   508 | D:1      | 508 ||| Stepping ~*~*~tactically~*~*~ (hiding).
   792 | D:1      | Reached skill level 3 in Axes
   905 | D:1      | Reached XP level 3. HP: 23/23 MP: 3/3
   905 | D:1      | 905 ||| DROPPING +0 club.
  1021 | D:1      | 1021 ||| READING scroll labelled PILOPE QISUUMP.
  1025 | D:1      | 1025 ||| READING scroll labelled ACLALU JUZUW.
  1026 | D:1      | 1026 ||| READING 3 scrolls labelled TEETAU UFUEB.
  1758 | D:2      | Identified the +0 ring mail of Instinct {rN+ Regen+}
  1797 | D:2      | 1797 ||| UPGRADING to +0 pair of gloves.
  1802 | D:2      | 1802 ||| UPGRADING to +0 ring mail of Instinct {rN+
                  | Regen+}.
  1812 | D:2      | 1812 ||| DROPPING +0 scale mail.
  1813 | D:2      | 1813 ||| READING 2 scrolls labelled BOELEY DIUGIRPH.
  1814 | D:2      | 1814 ||| READING scroll of enchant armour.
  1814 | D:2      | 1814 ||| ENCHANTING +0 pair of gloves.
  1815 | D:2      | 1815 ||| READING scroll labelled WOHAF JEEZITZ.
  1879 | D:3      | Reached skill level 4 in Axes
  1879 | D:3      | Reached XP level 4. HP: 28/28 MP: 4/4
  1922 | D:3      | 1922 ||| DROPPING +0 mace.
  2014 | D:3      | Noticed Terence
  2024 | D:3      | HP: 6/28 [Terence/+0 hand axe (7)]
  2025 | D:3      | 2025 ||| READING scroll of teleportation.
  2103 | D:3      | Found a shadowy altar of Dithmenos.
  2142 | D:3      | Noticed Sigmund
  2169 | D:3      | HP: 4/28 [something (4)]
  2172 | D:3      | Mangled by Sigmund

Levels and vault maps discovered:
D:1:      dpeg_chamrin_arrival_tetris, layout_loops_corners,
          ebering_ecumenical_altar_ruins
D:2:      layout_loops_ring
D:3:      layout_basic, grunt_dithmenos_smoke_and_mirrors, old_standard_altar,
          uniq_terence, uniq_sigmund

Skill      XL: |  1  2  3 |
---------------+----------+-----
Axes           | 2 3 4 |  4.4
Fighting       | |  3.2
Armour         | |  3.2
Shields        | |  3.2

Action                     |  1- 3 |  4- 6 || total
---------------------------+-------+-------++-------
  Melee: War axe           |   108 |    24 ||   132
    Use: Scroll            |     6 |     1 ||     7
 Armour: Scale mail        |    40 |       ||    40
         Ring mail         |     1 |     8 ||     9
         Skin              |       |     3 ||     3
  Dodge: Dodged            |    34 |     5 ||    39
  Block: Buckler           |    22 |     2 ||    24

Table legend:
 A = Non-vault XP
 B = Vault XP
 C = Vault XP percentage of total XP
 D = Non-vault monster count
 E = Vault monster count
 F = Vault count percentage of total count
                 A         B        C        D         E       F
            +---------+---------+-------+---------+---------+-------
      Total |     155 |       0 |   0.0 |      42 |       0 |   0.0
            +---------+---------+-------+---------+---------+-------
        D:1 |      36 |       0 |   0.0 |      19 |       0 |   0.0
        D:2 |      33 |       0 |   0.0 |      16 |       0 |   0.0
        D:3 |      86 |       0 |   0.0 |       7 |       0 |   0.0
            +---------+---------+-------+---------+---------+-------
